AoeStats
← LeeWalker

Black Forest

503819542Analyzed
4v4 RM · 1mo ago on Sep 2, 2026· 63m 51s· 8 players
Game mode
Random Map
Map size
Large (8 player)
Population
200
Speed
Normal
Resources
Standard
Victory
Conquest
Starting age
Dark Age
Ending age
Imperial Age
RankedLock teamsTeams togetherTeam positionsShared explorationLock speedFull tech treeHidden civsTurbo modeCheats
Victory
Defeat
🇹🇷 Lithuanians · Türkiye
1053
+16
🇧🇷 Khmer · Brazil
1048
+16
🇺🇦 Franks · Ukraine
1043
+17
🇺🇦 Celts · Ukraine
1042
+17
🇹🇼 Persians · Taiwan
1222
-23
🇹🇼 Mongols · Taiwan
1149
-21
🇹🇼 Byzantines · Taiwan
1078
-17
🇹🇼 Celts · Taiwan
778
-6
ДБР
3:43 Loom
12:09 Feudal Age
12:38 Double-Bit Axe
14:28 Horse Collar
19:49 Castle Age
19:06 Stone Mining
19:10 Gold Mining
20:48 Bow Saw
20:41 Heavy Plow
22:42 Stone Shaft Mining
27:23 Forging
27:13 Scale Mail Armor
28:57 Wheelbarrow
29:20 Arson
31:43 Hand Cart
32:25 Gold Shaft Mining
36:20 Imperial Age
36:06 Iron Casting
35:39 Caravan
37:37 Chain Mail Armor
38:23 Blast Furnace
39:29 Conscription
38:55 Man-at-Arms
38:57 Elite Woad Raider
39:46 Pikeman
40:14 Gambesons
47:06 Halberdier
50:41 Plate Mail Armor
gogrr
12:58 Feudal Age
14:33 Loom
17:11 Castle Age
15:44 Double-Bit Axe
20:30 Bow Saw
23:24 Wheelbarrow
27:36 Forging
27:15 Town Watch
33:07 Imperial Age
31:02 Husbandry
30:59 Gold Mining
32:48 Iron Casting
32:13 Scale Mail Armor
32:19 Scale Barding Armor
32:28 Fishing Lines
33:10 Town Patrol
33:33 Hand Cart
34:09 Conscription
33:15 Cavalier
35:01 Blast Furnace
35:10 Chain Mail Armor
35:16 Chain Barding Armor
35:03 Gillnets
35:32 Paladin
38:04 Gold Shaft Mining
38:03 Plate Mail Armor
49:35 Light Cavalry
51:55 Stone Mining
hknarsln
13:15 Feudal Age
14:27 Double-Bit Axe
17:53 Castle Age
16:33 Horse Collar
19:42 Wheelbarrow
22:52 Fishing Lines
23:38 Heavy Plow
23:51 Bow Saw
25:17 Gold Mining
25:18 Stone Mining
26:43 Loom
27:13 Hand Cart
27:12 Gillnets
32:44 Imperial Age
31:23 Stone Shaft Mining
32:24 Bloodlines
32:14 Husbandry
32:34 Forging
32:30 Scale Barding Armor
32:29 Caravan
33:01 Cavalier
34:23 Iron Casting
34:31 Paladin
35:57 Chain Barding Armor
35:30 Fletching
35:41 Padded Archer Armor
36:16 Ballistics
36:56 Chemistry
35:37 Treadmill Crane
36:25 Hill Forts
36:26 Tower Shields
36:46 Conscription
36:29 Bodkin Arrow
39:57 Pikeman
40:37 Squires
40:23 Arson
41:10 Scale Mail Armor
41:46 Plate Barding Armor
40:55 Halberdier
43:03 Chain Mail Armor
55:46 Thumb Ring
60:26 Two-Man Saw
Big Albatroz
1:43 Loom
11:26 Feudal Age
14:54 Castle Age
13:14 Double-Bit Axe
14:20 Horse Collar
16:49 Bow Saw
18:05 Horse Collar
19:15 Town Watch
24:19 Wheelbarrow
24:01 Heavy Plow
29:56 Imperial Age
29:12 Bloodlines
30:01 Husbandry
30:32 Elite Battle Elephant
37:38 Double Crossbow
37:42 Tusk Swords
44:38 Elite Ballista Elephant
55:51 Ballistics
56:32 Chemistry
56:25 Double Crossbow
56:35 Double Crossbow
56:56 Conscription
56:46 Scale Barding Armor
57:24 Forging
57:08 Fletching
57:19 Padded Archer Armor
58:59 Chain Barding Armor
58:37 Bodkin Arrow
59:02 Leather Archer Armor
61:24 Plate Barding Armor
60:53 Bracer
61:27 Ring Archer Armor
64:18 Iron Casting
63:43 Scale Mail Armor
Vivahakama
4:43 Loom
11:45 Feudal Age
12:17 Double-Bit Axe
12:14 Horse Collar
17:30 Castle Age
16:29 Gold Mining
18:24 Bow Saw
23:47 Wheelbarrow
26:43 Hand Cart
30:16 Imperial Age
28:08 Town Watch
29:48 Gold Shaft Mining
30:14 Heavy Plow
32:03 Conscription
31:35 Heavy Scorpion
34:28 Onager
37:29 Furor Celtica
42:42 Chemistry
42:08 Ballistics
LeeWalker
2:03 Loom
12:18 Feudal Age
17:59 Castle Age
18:19 Double-Bit Axe
23:29 Gold Mining
23:34 Stone Mining
26:25 Fortified Wall
29:39 Wheelbarrow
29:20 Fishing Lines
31:17 Hand Cart
35:29 Imperial Age
33:16 Horse Collar
34:24 Fletching
38:14 Husbandry
38:21 Scale Barding Armor
38:27 Forging
38:13 Bodkin Arrow
38:36 Bow Saw
39:38 Elite Cataphract
41:05 Iron Casting
40:51 Chain Barding Armor
47:12 Gold Shaft Mining
50:50 Plate Barding Armor
56:57 Chemistry
椰子
1:10 Loom
12:58 Feudal Age
14:34 Wheelbarrow
14:21 Double-Bit Axe
17:26 Castle Age
19:30 Bow Saw
22:29 Horse Collar
24:55 Heavy Plow
26:00 Hand Cart
26:26 Gold Mining
26:28 Stone Mining
33:07 Imperial Age
31:51 Stone Shaft Mining
31:51 Gold Shaft Mining
31:17 Fletching
31:52 Ballistics
31:50 Masonry
32:38 Bodkin Arrow
32:43 Padded Archer Armor
33:06 Thumb Ring
34:07 Husbandry
34:18 Bloodlines
34:09 Bracer
33:38 Capped Ram
36:11 Chemistry
35:17 Siege Engineers
34:37 Siege Ram
36:12 Conscription
36:11 Elite Mangudai
37:51 Leather Archer Armor
41:53 Parthian Tactics
48:34 Nomads
52:22 Heavy Scorpion
53:29 Drill
60:03 Hoardings
mm巧克力
4:23 Loom
11:21 Feudal Age
15:42 Castle Age
14:00 Horse Collar
14:15 Double-Bit Axe
18:29 Heavy Plow
22:16 Bow Saw
22:02 Gold Mining
24:45 Wheelbarrow
24:22 Stone Mining
27:27 Hand Cart
30:36 Imperial Age
30:42 Imperial Age
28:32 Caravan
30:42 Forging
30:37 Scale Barding Armor
31:41 Crop Rotation
32:13 Two-Man Saw
31:56 Gold Shaft Mining
32:04 Iron Casting
33:54 Conscription
32:54 Elite War Elephant
35:16 Blast Furnace
34:36 Chain Barding Armor
34:21 Devotion
36:31 Bloodlines
36:22 Husbandry
38:10 Plate Barding Armor
37:36 Scale Mail Armor
38:52 Faith
38:01 Pikeman
45:41 Chain Mail Armor
47:40 Plate Mail Armor
Connection lost

Rejoining the realm…

Still unreachable

The connection could not be restored.

Session expired

The server has moved on; the page needs a fresh start.